 Dungeon Crawl Stone Soup version 0.28.0-45-g0d030f2227 (webtiles) character file.

Game seed: 13061883910954039643

1730 Eitelfritz the Carver (level 8, -2/67 (68) HPs)
             Began as a Minotaur Gladiator on Apr 12, 2022.
             Slain by a gargoyle
             ... wielding a +0 flail
              (12 damage)
             ... on level 7 of the Dungeon.
             The game lasted 00:12:11 (7032 turns).

Eitelfritz the Carver (Minotaur Gladiator)          Turns: 7032, Time: 00:12:11

HP:   -2/67 (68)    AC: 11    Str: 21    XL:     8   Next: 76%
MP:   7/7           EV: 11    Int:  5    God:
Gold: 275           SH:  0    Dex: 12    Spells: 7/7 levels left

rFire   . . .      SeeInvis .   a - +1 long sword
rCold   . . .      Faith    .   (no shield)
rNeg    . . .      Spirit   .   g - +0 scale mail
rPois   .          Reflect  .   c - +0 hat
rElec   .          Harm     .   (no cloak)
rCorr   +          Rampage  .   f - +2 pair of gloves
Will    +....                   (no boots)
Stlth   ..........              (no amulet)
HPRegen 0.21/turn               p - ring of resist corrosion
MPRegen 0.10/turn               m - ring of willpower

@: hasted, lightly drained, very quick
A: horns 2, retaliatory headbutt
a: no special abilities


You were on level 7 of the Dungeon.
You visited 1 branch of the dungeon, and saw 7 of its levels.

You collected 275 gold pieces.

Inventory:

Hand Weapons
 a - a +1 long sword (weapon)
 b - the +6 shillelagh "Devastator" {shatter}
   (You found it on level 3 of the Dungeon)

   It releases a powerful concussive burst when it strikes, dealing extra damage
   to the target and all other foes adjacent to them.
 s - a +2 spear of freezing
 w - a +3 morningstar
Missiles
 d - 3 throwing nets (quivered)
 e - 61 bolts
 q - 9 javelins
 r - a curare-tipped dart
 x - 2 poisoned darts
Armour
 c - a +0 hat (worn)
 f - a +2 pair of gloves (worn)
 g - a +0 scale mail (worn)
Jewellery
 m - a ring of willpower (right hand)
 p - a ring of resist corrosion (left hand)
Wands
 u - a wand of polymorph (3)
Scrolls
 i - 4 scrolls of identify
 v - a scroll of teleportation
Potions
 h - a potion of curing
 j - a potion of resistance
 k - 2 potions of cancellation
 l - a potion of magic
 o - 2 potions of flight
 t - a potion of heal wounds {unknown}


   Skills:
 + Level 5.3 Fighting
 + Level 9.5 Long Blades
 + Level 2.1 Throwing
 + Level 7.5 Armour
 + Level 5.0 Dodging
 + Level 1.1 Stealth


You had 7 spell levels left.
You didn't know any spells.
Your spell library contained the following spells:

 Spells                   Type           Power      Damage    Failure   Level
 Blink                    Tloc           0%         N/A       89%         2
 Lesser Beckoning         Tloc           0%         N/A       98%         3
 Manifold Assault         Tloc           0%         N/A       100%        5


Dungeon Overview and Level Annotations

Branches:
Dungeon (7/15)
 Temple: D:4-7

Altars:
Ashenzari
Cheibriados
Elyvilon
Gozag
Hepliaklqana
Makhleb
Nemelex Xobeh
Sif Muna
Trog
Vehumet
Xom
Zin


Innate Abilities, Weirdness & Mutations

You have a pair of horns on your head.
You reflexively headbutt those who attack you in melee.


Message History

The wight is severely damaged.
The wight closely misses you.
You barely miss the wight. Your headbutt misses the wight.
The wight is severely damaged.
You hit the wight. You headbutt the wight.
You destroy the wight!
The gargoyle barely misses you.
Things that are here:
a +5 short sword of freezing; a +0 robe The gargoyle closely misses you.
You hit the gargoyle.
The gargoyle is lightly damaged.
The gargoyle hurls a stone arrow at you.
The stone arrow hits you!
You slash the gargoyle!
The gargoyle is heavily damaged.
You barely miss the gargoyle. You headbutt the gargoyle.
The gargoyle is severely damaged.
The gargoyle hits you with a +0 flail.
You barely miss the gargoyle.
The gargoyle is severely damaged.
You hit the gargoyle but do no damage.
You headbutt the gargoyle, but do no damage.
The gargoyle is severely damaged.
The gargoyle hits you with a +0 flail!
You hit the gargoyle but do no damage.
You headbutt the gargoyle, but do no damage.
The gargoyle is severely damaged.
The gargoyle hits you with a +0 flail!
* * * LOW HITPOINT WARNING * * *
You hit the gargoyle. Your headbutt misses the gargoyle.
The gargoyle is severely damaged.
You hit the gargoyle.
The gargoyle is almost destroyed.
The gargoyle hurls a stone arrow at you.
The stone arrow misses you.
You completely miss the gargoyle.
The gargoyle is almost destroyed.
The gargoyle hits you with a +0 flail!
You die...

#..≈(##
#.#.#.#
#≈.#.≈#
#.#.#.#
##.≈.##
#.#.#.#
#≈.#)##
#.#.9#
##.@.#
#.#.#
#...#
#..##
##. #:


You could see a gargoyle.

Vanquished Creatures
  Sigmund (D:3)
  Menkaure (D:7)
  A black bear (D:6)
  A sky beast (D:7)
  A necrophage (D:5)
  A kobold brigand (D:7)
  3 scorpions
  A bullfrog (D:7)
  7 wights (D:7)
  A centaur zombie (D:5)
  2 bullfrog skeletons
  2 jellies
  5 hounds
  2 orc wizards
  A hound zombie (D:5)
  4 gnolls
  7 adders
  2 shadow imps
  A white imp (D:7)
  A worm (D:2)
  A dart slug (D:2)
  13 orcs
  4 endoplasms
  2 giant cockroaches
  6 hobgoblins
  4 jackals (D:1)
  11 kobolds
  8 quokkas
  7 ball pythons
  4 bats
  4 frilled lizards
  4 goblins
  5 rats
118 creatures vanquished.

Notes
Turn   | Place    | Note
-------+----------+-------------------------------------------
     0 | D:1      | Eitelfritz the Minotaur Gladiator began the quest for the
                  | Orb.
     0 | D:1      | Reached XP level 1. HP: 18/18 MP: 0/0
   169 | D:1      | Reached skill level 4 in Long Blades
   169 | D:1      | Reached XP level 2. HP: 25/25 MP: 1/1
   470 | D:1      | Found a faded altar of an unknown god.
   470 | D:1      | Noticed a reaper
   824 | D:1      | Reached XP level 3. HP: 21/30 MP: 2/2
  1439 | D:2      | Reached XP level 4. HP: 37/37 MP: 3/3
  1540 | D:2      | Reached skill level 1 in Armour
  2127 | D:3      | Reached skill level 5 in Long Blades
  2481 | D:3      | Found the +6 shillelagh "Devastator" {shatter}
  2560 | D:3      | Noticed Sigmund
  2576 | D:3      | Killed Sigmund
  2577 | D:3      | Reached skill level 6 in Long Blades
  2577 | D:3      | Reached XP level 5. HP: 12/46 MP: 4/4
  2577 | D:3      | Reached XP level 6. HP: 14/52 MP: 5/5
  3516 | D:4      | Reached skill level 7 in Long Blades
  4177 | D:5      | Entered Level 5 of the Dungeon
  4198 | D:5      | Reached XP level 7. HP: 51/60 MP: 6/6
  4284 | D:5      | Found a shimmering altar of Xom.
  4284 | D:5      | Found a white marble altar of Elyvilon.
  4286 | D:5      | Found a hazy altar of Hepliaklqana.
  4286 | D:5      | Found a shimmering blue altar of Sif Muna.
  4287 | D:5      | Found a snail-covered altar of Cheibriados.
  4287 | D:5      | Found a burning altar of Makhleb.
  4288 | D:5      | Found a broken altar of Ashenzari.
  4288 | D:5      | Found a glowing silver altar of Zin.
  4288 | D:5      | Found a bloodstained altar of Trog.
  4290 | D:5      | Found a sparkling altar of Nemelex Xobeh.
  4290 | D:5      | Found a radiant altar of Vehumet.
  4290 | D:5      | Found an opulent altar of Gozag.
  5049 | D:6      | Reached skill level 8 in Long Blades
  5432 | D:6      | Reached skill level 1 in Stealth
  6017 | D:7      | Reached skill level 5 in Fighting
  6017 | D:7      | Reached XP level 8. HP: 68/68 MP: 7/7
  6027 | D:7      | Reached skill level 9 in Long Blades
  6027 | D:7      | Reached skill level 5 in Armour
  6595 | D:7      | Noticed Menkaure
  6602 | D:7      | Killed Menkaure
  6867 | D:7      | Reached skill level 5 in Dodging
  7010 | D:7      | Noticed a gargoyle
  7032 | D:7      | Slain by a gargoyle

Illustrated notes

Levels and vault maps discovered:
D:1:      ebering_hopf_link, layout_basic,
          dreamdust_ecumenical_altar_sealed_demon, minivault_27
D:2:      layout_basic, minmay_misc_feat_hallway
D:3:      layout_loops_corners, chequers_jeans, uniq_sigmund
D:4:      layout_layer_cave, minmay_splitting_lines, grunt_decor_junction
D:5:      layout_basic, nicolae_overflows_in_rows, eino_curves_02,
          small_statue_intersection, minmay_misc_feat_room, minivault_4
D:6:      layout_basic
D:7:      layout_loops_ring, minmay_temple_entry_offerings,
          minmay_manual_mullet, uniq_menkaure, uniq_maggie

Skill      XL: |  1  2  3  4  5  6  7  8 |
---------------+-------------------------+-----
Long Blades    | 4 6 7 8 9 |  9.5
Dodging        | 4 5 |  5.0
Armour         | 2 3 4 7 |  7.5
Fighting       | 3 4 5 |  5.3
Stealth        | 1 |  1.1
Throwing       | |  2.1

Action                   |  1- 3 |  4- 6 |  7- 9 || total
-------------------------+-------+-------+-------++-------
Melee: Long sword        |    54 |   131 |   134 ||   319
       Headbutt          |     8 |    14 |    33 ||    55
       Punch             |       |     1 |     2 ||     3
  Use: Scroll            |       |     9 |     5 ||    14
       Potion            |       |       |     2 ||     2
Armor: Scale mail        |    28 |    55 |    57 ||   140
Dodge: Dodged            |    40 |    88 |    62 ||   190
